[ PARTIDA AOE2 · #458079504 ]
UnrankedMapuche vs Vietnamese
[ ANÁLISIS DE REPETICIÓN · EXTRAÍDO DE LA PARTIDA GRABADA ]
Feudal
11:25
Castillos
22:59
Imperial
33:48
| APM promedio | 18.5 |
| APM pico | 43 |
| eAPM promedio | 10.9 |
| Aldeanos / militares | 86 / 746 |
Foco
⚔️ 33.4% · 🌾 66.6%
Kona ×460 · Spearman ×273 · Trade Cart ×35 · Fishing Ship ×32 · Skirmisher ×10 · Unknown (2550) ×5
Feudal
12:41
Castillos
18:17
Imperial
40:43
| APM promedio | 19.2 |
| APM pico | 45 |
| eAPM promedio | 11.3 |
| Aldeanos / militares | 130 / 416 |
Foco
⚔️ 39.2% · 🌾 60.8%
Knight ×152 · Spearman ×112 · Archer ×58 · Mangonel ×42 · Skirmisher ×23 · Keshik ×16
Feudal
10:48
Castillos
21:05
Imperial
44:10
| APM promedio | 11.2 |
| APM pico | 64 |
| eAPM promedio | 8.8 |
| Aldeanos / militares | 97 / 429 |
Foco
⚔️ 32.6% · 🌾 67.4%
Skirmisher ×301 · Scout Cavalry ×71 · Conquistador ×50 · Fishing Ship ×24 · Trebuchet (Packed) ×4 · Knight ×2
Feudal
14:48
Castillos
19:46
Imperial
31:45
| APM promedio | 13.6 |
| APM pico | 40 |
| eAPM promedio | 8.8 |
| Aldeanos / militares | 130 / 363 |
Foco
⚔️ 25.6% · 🌾 74.4%
Battle Elephant ×250 · Skirmisher ×70 · Rattan Archer ×30 · Fishing Ship ×22 · Spearman ×11 · Monk ×2
Feudal
12:26
Castillos
16:14
Imperial
27:44
| APM promedio | 36.1 |
| APM pico | 103 |
| eAPM promedio | 16.5 |
| Aldeanos / militares | 133 / 590 |
Foco
⚔️ 59.5% · 🌾 40.5%
Janissary ×361 · Scout Cavalry ×133 · Knight ×77 · Trade Cart ×16 · Spearman ×9 · Trebuchet (Packed) ×7
Feudal
12:09
Castillos
16:37
Imperial
33:46
| APM promedio | 40.1 |
| APM pico | 91 |
| eAPM promedio | 23.7 |
| Aldeanos / militares | 138 / 818 |
Foco
⚔️ 40.5% · 🌾 59.5%
Organ Gun ×360 · Scout Cavalry ×322 · Spearman ×92 · Trade Cart ×24 · Archer ×21 · Fishing Ship ×14
Feudal
15:36
Castillos
25:31
Imperial
30:15
| APM promedio | 21.9 |
| APM pico | 65 |
| eAPM promedio | 12.5 |
| Aldeanos / militares | 154 / 865 |
Foco
⚔️ 37.0% · 🌾 63.0%
Scout Cavalry ×532 · Skirmisher ×190 · Fishing Ship ×75 · Elephant Archer ×58 · Spearman ×45 · Bombard Cannon ×36
Feudal
10:54
Castillos
19:32
Imperial
33:13
| APM promedio | 21.2 |
| APM pico | 53 |
| eAPM promedio | 14.0 |
| Aldeanos / militares | 196 / 542 |
Foco
⚔️ 42.4% · 🌾 57.6%
Fire Lancer ×198 · Militia ×95 · Chu Ko Nu ×90 · Archer ×55 · Iron Pagoda ×50 · Skirmisher ×36
Mapa de la partida
Recursos al inicio + cada clic de construcción. Línea gruesa = muro · recuadro discontinuo = muro de casas detectado. 🟡 oro · ⚪ piedra · 🟢 bayas · 🔶 jabalí · ⭕ reliquia
Inputs por minuto
— CriticalError59 - - MAJOR
Build order — CriticalError59
Primeras 150 de 512 acciones detectadas
| 0:05 | Construir | House |
| 0:10 | Construir | House |
| 0:12 | Crear | Villager (Male) |
| 0:12 | Crear | Villager (Male) |
| 0:12 | Crear | Villager (Male) |
| 0:56 | Crear | Villager (Male) |
| 0:56 | Crear | Villager (Male) |
| 1:58 | Crear | Villager (Male) |
| 1:59 | Crear | Villager (Male) |
| 2:11 | Crear | Villager (Male) |
| 2:11 | Crear | Villager (Male) |
| 2:30 | Crear | Villager (Male) |
| 2:30 | Crear | Villager (Male) |
| 3:04 | Crear | Villager (Male) |
| 3:04 | Crear | Villager (Male) |
| 3:20 | Crear | Villager (Male) |
| 3:21 | Crear | Villager (Male) |
| 4:07 | Investigar | Loom |
| 4:44 | Crear | Villager (Male) |
| 4:45 | Crear | Villager (Male) |
| 4:58 | Crear | Villager (Male) |
| 5:44 | Construir | House |
| 5:47 | Construir | House |
| 6:07 | Crear | Villager (Male) |
| 6:07 | Crear | Villager (Male) |
| 6:48 | Construir | Settlement |
| 7:18 | Construir | Settlement |
| 8:24 | Crear | Villager (Male) |
| 8:25 | Crear | Villager (Male) |
| 8:25 | Crear | Villager (Male) |
| 8:35 | Crear | Villager (Male) |
| 8:58 | Investigar | Feudal Age |
| 9:11 | Construir | Settlement |
| 10:46 | Construir | Dock |
| 11:25 | Edad | Edad Feudal |
| 11:30 | Investigar | Double-Bit Axe |
| 11:38 | Investigar | Wheelbarrow |
| 11:38 | Crear | Villager (Male) |
| 11:47 | Crear | Fishing Ship |
| 13:07 | Crear | Fishing Ship |
| 13:07 | Crear | Fishing Ship |
| 13:07 | Crear | Fishing Ship |
| 13:14 | Crear | Villager (Male) |
| 13:33 | Crear | Villager (Male) |
| 13:33 | Crear | Villager (Male) |
| 13:55 | Crear | Villager (Male) |
| 14:22 | Construir | Dock |
| 14:28 | Crear | Fishing Ship |
| 14:32 | Crear | Fishing Ship |
| 14:55 | Investigar | Tech 906 |
| 14:56 | Crear | Fishing Ship |
| 15:52 | Crear | Villager (Male) |
| 15:53 | Crear | Villager (Male) |
| 16:25 | Construir | Market |
| 16:28 | Construir | Blacksmith |
| 16:42 | Crear | Fishing Ship |
| 16:42 | Crear | Fishing Ship |
| 16:42 | Crear | Fishing Ship |
| 16:42 | Crear | Fishing Ship |
| 17:02 | Construir | Dock |
| 17:13 | Crear | Villager (Male) |
| 17:13 | Crear | Villager (Male) |
| 17:13 | Crear | Villager (Male) |
| 17:22 | Crear | Fishing Ship |
| 17:25 | Crear | Fishing Ship |
| 17:50 | Construir | House |
| 17:52 | Construir | House |
| 18:00 | Crear | Fishing Ship |
| 18:00 | Crear | Fishing Ship |
| 18:00 | Crear | Fishing Ship |
| 18:01 | Crear | Fishing Ship |
| 18:21 | Construir | Settlement |
| 18:47 | Crear | Fishing Ship |
| 18:55 | Crear | Fishing Ship |
| 18:55 | Crear | Fishing Ship |
| 18:55 | Crear | Fishing Ship |
| 19:05 | Crear | Villager (Male) |
| 19:05 | Crear | Villager (Male) |
| 19:25 | Construir | Settlement |
| 20:19 | Investigar | Castle Age |
| 20:42 | Construir | Settlement |
| 22:02 | Investigar | Gold Mining |
| 22:59 | Edad | Edad de los Castillos |
| 23:02 | Crear | Villager (Male) |
| 23:03 | Investigar | Hand Cart |
| 23:04 | Crear | Villager (Male) |
| 23:04 | Crear | Villager (Male) |
| 23:04 | Crear | Villager (Male) |
| 23:05 | Crear | Villager (Male) |
| 23:18 | Investigar | Gillnets |
| 23:18 | Crear | Fishing Ship |
| 23:19 | Crear | Fishing Ship |
| 23:35 | Construir | Monastery |
| 23:38 | Construir | University |
| 23:46 | Crear | Villager (Male) |
| 23:46 | Crear | Villager (Male) |
| 23:58 | Crear | Fishing Ship |
| 23:58 | Crear | Fishing Ship |
| 23:58 | Crear | Fishing Ship |
| 24:04 | Crear | Fishing Ship |
| 24:05 | Crear | Fishing Ship |
| 24:05 | Crear | Fishing Ship |
| 24:09 | Crear | Fishing Ship |
| 24:09 | Crear | Fishing Ship |
| 24:09 | Crear | Fishing Ship |
| 24:28 | Construir | House |
| 24:29 | Construir | House |
| 24:29 | Construir | House |
| 24:30 | Construir | House |
| 24:32 | Construir | House |
| 24:50 | Investigar | Bow Saw |
| 24:52 | Investigar | Gold Shaft Mining |
| 25:01 | Crear | Monk |
| 25:01 | Crear | Monk |
| 25:40 | Construir | House |
| 25:40 | Construir | House |
| 25:40 | Construir | House |
| 25:41 | Construir | House |
| 25:56 | Construir | Settlement |
| 26:13 | Crear | Monk |
| 26:22 | Crear | Villager (Male) |
| 26:23 | Crear | Villager (Male) |
| 27:20 | Construir | Town Center |
| 27:40 | Construir | Town Center |
| 27:50 | Construir | Town Center |
| 27:57 | Construir | House |
| 27:57 | Construir | House |
| 27:57 | Construir | House |
| 27:58 | Construir | House |
| 27:59 | Construir | House |
| 28:50 | Investigar | Pikeman (upgrade) |
| 28:51 | Investigar | Elite Skirmisher (upgrade) |
| 28:56 | Investigar | Stone Mining |
| 29:02 | Crear | Villager (Male) |
| 29:03 | Crear | Villager (Male) |
| 30:25 | Construir | Settlement |
| 30:35 | Crear | Villager (Male) |
| 30:35 | Crear | Villager (Male) |
| 30:36 | Investigar | Imperial Age |
| 30:42 | Construir | House |
| 30:42 | Construir | House |
| 30:43 | Construir | House |
| 30:43 | Construir | House |
| 30:43 | Construir | House |
| 30:43 | Construir | House |
| 30:44 | Construir | House |
| 30:44 | Construir | House |
| 30:44 | Construir | House |
| 30:45 | Construir | House |
| 30:45 | Construir | House |
Build order — MAJOR
Primeras 150 de 487 acciones detectadas
| 0:09 | Construir | House |
| 0:14 | Construir | House |
| 0:40 | Crear | Villager (Male) |
| 0:40 | Crear | Villager (Male) |
| 0:40 | Crear | Villager (Male) |
| 0:41 | Crear | Villager (Male) |
| 0:41 | Crear | Villager (Male) |
| 1:48 | Crear | Villager (Male) |
| 2:30 | Construir | Lumber Camp |
| 2:33 | Crear | Villager (Male) |
| 2:54 | Crear | Villager (Male) |
| 3:16 | Crear | Villager (Male) |
| 3:17 | Crear | Villager (Male) |
| 3:56 | Crear | Villager (Male) |
| 4:35 | Construir | House |
| 4:37 | Construir | House |
| 5:14 | Crear | Villager (Male) |
| 5:14 | Crear | Villager (Male) |
| 5:15 | Crear | Villager (Male) |
| 5:36 | Construir | Dock |
| 5:44 | Crear | Villager (Male) |
| 5:57 | Crear | Villager (Male) |
| 6:16 | Construir | House |
| 6:21 | Crear | Villager (Male) |
| 7:27 | Crear | Villager (Male) |
| 7:27 | Crear | Villager (Male) |
| 7:52 | Crear | Fishing Ship |
| 7:53 | Crear | Fishing Ship |
| 8:48 | Construir | Mill |
| 9:11 | Crear | Villager (Male) |
| 9:11 | Crear | Villager (Male) |
| 9:11 | Crear | Villager (Male) |
| 9:21 | Crear | Fishing Ship |
| 9:59 | Crear | Villager (Male) |
| 9:59 | Crear | Villager (Male) |
| 10:15 | Crear | Villager (Male) |
| 10:15 | Crear | Villager (Male) |
| 10:30 | Investigar | Feudal Age |
| 10:54 | Crear | Fishing Ship |
| 10:54 | Crear | Fishing Ship |
| 11:12 | Construir | Palisade Wall |
| 11:56 | Construir | Barracks |
| 12:07 | Construir | Palisade Wall |
| 12:18 | Construir | House |
| 12:19 | Construir | House |
| 12:41 | Edad | Edad Feudal |
| 12:45 | Crear | Fishing Ship |
| 12:45 | Crear | Fishing Ship |
| 12:46 | Crear | Fishing Ship |
| 13:17 | Construir | House |
| 13:25 | Construir | House |
| 13:29 | Crear | Villager (Male) |
| 13:32 | Investigar | Loom |
| 13:32 | Crear | Villager (Male) |
| 13:33 | Crear | Villager (Male) |
| 13:33 | Crear | Villager (Male) |
| 13:33 | Crear | Villager (Male) |
| 13:44 | Construir | Palisade Wall |
| 13:50 | Construir | Palisade Gate |
| 14:04 | Construir | Market |
| 14:21 | Construir | Blacksmith |
| 14:35 | Investigar | Double-Bit Axe |
| 14:54 | Construir | Palisade Wall |
| 14:59 | Construir | Building 796 |
| 15:11 | Construir | House |
| 15:19 | Investigar | Castle Age |
| 15:20 | Crear | Villager (Male) |
| 15:20 | Crear | Villager (Male) |
| 15:54 | Construir | Mining Camp |
| 16:04 | Construir | Palisade Wall |
| 16:08 | Construir | Building 800 |
| 16:16 | Construir | Mining Camp |
| 17:41 | Crear | Villager (Male) |
| 17:41 | Crear | Villager (Male) |
| 18:16 | Construir | Farm |
| 18:16 | Construir | Farm |
| 18:16 | Construir | Farm |
| 18:16 | Construir | Farm |
| 18:17 | Edad | Edad de los Castillos |
| 18:18 | Construir | Farm |
| 18:18 | Construir | Farm |
| 18:18 | Construir | Farm |
| 18:19 | Construir | Farm |
| 18:19 | Construir | Farm |
| 18:19 | Construir | Farm |
| 18:54 | Construir | Town Center |
| 19:02 | Investigar | Bow Saw |
| 19:11 | Crear | Villager (Male) |
| 19:11 | Crear | Villager (Male) |
| 20:19 | Construir | Town Center |
| 20:29 | Crear | Villager (Male) |
| 20:29 | Crear | Villager (Male) |
| 20:30 | Crear | Villager (Male) |
| 20:30 | Crear | Villager (Male) |
| 20:30 | Crear | Villager (Male) |
| 20:30 | Crear | Villager (Male) |
| 20:41 | Construir | Lumber Camp |
| 20:53 | Investigar | Horse Collar |
| 21:37 | Crear | Villager (Male) |
| 21:37 | Crear | Villager (Male) |
| 21:42 | Crear | Villager (Male) |
| 21:42 | Crear | Villager (Male) |
| 21:42 | Crear | Villager (Male) |
| 21:43 | Crear | Villager (Male) |
| 21:43 | Crear | Villager (Male) |
| 21:43 | Crear | Villager (Male) |
| 21:56 | Construir | Stable |
| 21:56 | Construir | Stable |
| 22:11 | Crear | Villager (Male) |
| 22:11 | Crear | Villager (Male) |
| 22:26 | Construir | Farm |
| 22:36 | Construir | Farm |
| 22:37 | Construir | Farm |
| 22:37 | Construir | Farm |
| 22:37 | Construir | Farm |
| 22:37 | Construir | Farm |
| 22:38 | Construir | Farm |
| 23:02 | Crear | Knight |
| 23:02 | Crear | Knight |
| 23:02 | Crear | Knight |
| 23:08 | Crear | Knight |
| 23:08 | Crear | Knight |
| 23:18 | Construir | Farm |
| 23:21 | Construir | Farm |
| 23:25 | Construir | Farm |
| 23:31 | Construir | Farm |
| 23:37 | Construir | Farm |
| 23:41 | Construir | Farm |
| 24:34 | Investigar | Husbandry |
| 24:36 | Crear | Knight |
| 24:41 | Construir | Farm |
| 25:07 | Construir | Farm |
| 25:11 | Crear | Villager (Male) |
| 25:11 | Crear | Villager (Male) |
| 25:11 | Crear | Villager (Male) |
| 25:12 | Crear | Villager (Male) |
| 25:32 | Construir | Monastery |
| 25:48 | Construir | Farm |
| 25:55 | Crear | Villager (Male) |
| 25:56 | Crear | Villager (Male) |
| 25:57 | Crear | Villager (Male) |
| 25:57 | Crear | Villager (Male) |
| 25:57 | Crear | Villager (Male) |
| 26:02 | Crear | Villager (Male) |
| 26:03 | Crear | Villager (Male) |
| 26:03 | Crear | Villager (Male) |
| 26:03 | Crear | Villager (Male) |
| 26:03 | Crear | Villager (Male) |
| 26:03 | Crear | Villager (Male) |
| 26:13 | Construir | Farm |
Build order — FaTiH052
Primeras 150 de 394 acciones detectadas
| 0:02 | Construir | House |
| 0:04 | Construir | House |
| 0:14 | Crear | Villager (Male) |
| 0:14 | Crear | Villager (Male) |
| 0:14 | Crear | Villager (Male) |
| 0:14 | Crear | Villager (Male) |
| 1:15 | Crear | Villager (Male) |
| 2:07 | Crear | Villager (Male) |
| 2:37 | Crear | Villager (Male) |
| 2:38 | Crear | Villager (Male) |
| 3:16 | Crear | Villager (Male) |
| 3:42 | Crear | Villager (Male) |
| 4:02 | Construir | House |
| 4:11 | Crear | Villager (Male) |
| 4:13 | Crear | Villager (Male) |
| 4:37 | Construir | Lumber Camp |
| 4:45 | Construir | House |
| 4:50 | Crear | Villager (Male) |
| 4:50 | Crear | Villager (Male) |
| 5:33 | Construir | Mill |
| 5:41 | Crear | Villager (Male) |
| 6:33 | Crear | Villager (Male) |
| 6:35 | Crear | Villager (Male) |
| 7:13 | Crear | Villager (Male) |
| 7:35 | Crear | Villager (Male) |
| 7:36 | Investigar | Loom |
| 8:36 | Investigar | Feudal Age |
| 8:54 | Construir | Lumber Camp |
| 9:12 | Construir | House |
| 9:16 | Construir | House |
| 9:18 | Construir | House |
| 9:46 | Construir | Dock |
| 10:25 | Construir | Mining Camp |
| 10:35 | Construir | House |
| 10:41 | Construir | House |
| 10:43 | Construir | House |
| 10:45 | Construir | House |
| 10:48 | Edad | Edad Feudal |
| 10:51 | Crear | Villager (Male) |
| 10:51 | Crear | Villager (Male) |
| 10:51 | Crear | Villager (Male) |
| 10:53 | Crear | Villager (Male) |
| 10:54 | Crear | Villager (Male) |
| 11:18 | Crear | Fishing Ship |
| 11:18 | Crear | Fishing Ship |
| 11:18 | Crear | Fishing Ship |
| 11:19 | Crear | Fishing Ship |
| 11:19 | Crear | Fishing Ship |
| 11:20 | Crear | Fishing Ship |
| 12:08 | Investigar | Double-Bit Axe |
| 12:37 | Construir | Barracks |
| 12:46 | Crear | Villager (Male) |
| 12:46 | Crear | Villager (Male) |
| 12:47 | Crear | Villager (Male) |
| 13:20 | Investigar | Tech 906 |
| 13:22 | Crear | Fishing Ship |
| 13:22 | Crear | Fishing Ship |
| 13:47 | Construir | Stable |
| 13:51 | Construir | Stable |
| 13:54 | Crear | Villager (Male) |
| 13:54 | Crear | Villager (Male) |
| 14:11 | Construir | Dock |
| 14:25 | Investigar | Horse Collar |
| 14:37 | Construir | Farm |
| 14:38 | Construir | Farm |
| 14:39 | Construir | Farm |
| 14:40 | Construir | Farm |
| 14:45 | Crear | Villager (Male) |
| 14:46 | Crear | Villager (Male) |
| 14:57 | Crear | Fishing Ship |
| 15:08 | Crear | Fishing Ship |
| 15:09 | Crear | Fishing Ship |
| 15:33 | Construir | Palisade Wall |
| 15:43 | Crear | Villager (Male) |
| 15:43 | Crear | Villager (Male) |
| 16:08 | Construir | Palisade Wall |
| 16:17 | Crear | Villager (Male) |
| 16:19 | Crear | Villager (Male) |
| 16:24 | Crear | Fishing Ship |
| 16:24 | Crear | Fishing Ship |
| 16:28 | Crear | Fishing Ship |
| 16:28 | Crear | Fishing Ship |
| 16:32 | Crear | Fishing Ship |
| 16:43 | Construir | Blacksmith |
| 17:09 | Construir | Market |
| 17:16 | Crear | Villager (Male) |
| 17:50 | Construir | Palisade Gate |
| 18:00 | Crear | Villager (Male) |
| 18:04 | Investigar | Castle Age |
| 18:25 | Construir | House |
| 18:30 | Construir | House |
| 18:31 | Construir | House |
| 18:34 | Construir | House |
| 18:37 | Construir | House |
| 18:46 | Construir | Palisade Gate |
| 19:00 | Construir | Building 796 |
| 19:09 | Construir | House |
| 19:11 | Construir | House |
| 19:11 | Construir | House |
| 19:12 | Construir | House |
| 19:12 | Construir | House |
| 19:12 | Construir | House |
| 19:13 | Construir | House |
| 19:13 | Construir | House |
| 19:13 | Construir | House |
| 19:14 | Construir | House |
| 19:14 | Construir | House |
| 19:14 | Construir | House |
| 19:15 | Construir | House |
| 19:15 | Construir | House |
| 19:36 | Construir | House |
| 19:47 | Crear | Villager (Male) |
| 19:48 | Crear | Villager (Male) |
| 19:48 | Crear | Villager (Male) |
| 19:49 | Crear | Villager (Male) |
| 19:50 | Crear | Villager (Male) |
| 19:53 | Investigar | Wheelbarrow |
| 20:24 | Construir | Mining Camp |
| 20:39 | Construir | House |
| 21:05 | Edad | Edad de los Castillos |
| 21:26 | Construir | Town Center |
| 21:57 | Construir | Mining Camp |
| 22:12 | Construir | Town Center |
| 22:16 | Crear | Villager (Male) |
| 22:18 | Crear | Villager (Male) |
| 22:19 | Crear | Villager (Male) |
| 22:33 | Investigar | Husbandry |
| 22:34 | Investigar | Bloodlines |
| 22:34 | Investigar | Light Cavalry (upgrade) |
| 22:40 | Crear | Knight ×2 |
| 22:42 | Crear | Scout Cavalry ×5 |
| 22:42 | Crear | Scout Cavalry ×5 |
| 22:46 | Crear | Scout Cavalry ×3 |
| 23:09 | Crear | Villager (Male) |
| 23:10 | Crear | Villager (Male) |
| 23:10 | Crear | Villager (Male) |
| 23:11 | Crear | Villager (Male) |
| 23:29 | Construir | Monastery |
| 23:34 | Construir | University |
| 24:09 | Crear | Villager (Male) |
| 24:09 | Crear | Villager (Male) |
| 24:10 | Crear | Villager (Male) |
| 24:12 | Crear | Villager (Male) |
| 24:13 | Crear | Villager (Male) |
| 24:15 | Crear | Villager (Male) |
| 24:16 | Crear | Villager (Male) |
| 24:52 | Investigar | Bow Saw |
| 25:04 | Construir | Mining Camp |
| 25:14 | Construir | Archery Range |
| 25:15 | Construir | Archery Range |
Build order — HAWK JAMOKA5956
Primeras 150 de 505 acciones detectadas
| 0:04 | Construir | House |
| 0:05 | Construir | House |
| 0:09 | Construir | House |
| 0:10 | Crear | Villager (Male) ×4 |
| 1:37 | Crear | Villager (Male) |
| 1:37 | Crear | Villager (Male) |
| 2:23 | Investigar | Loom |
| 2:58 | Crear | Villager (Male) |
| 2:58 | Crear | Villager (Male) |
| 2:59 | Crear | Villager (Male) |
| 3:46 | Crear | Villager (Male) |
| 3:46 | Crear | Villager (Male) |
| 3:46 | Crear | Villager (Male) |
| 4:29 | Crear | Villager (Male) |
| 4:29 | Crear | Villager (Male) |
| 4:52 | Construir | Lumber Camp |
| 5:10 | Crear | Villager (Male) |
| 5:10 | Crear | Villager (Male) |
| 5:21 | Construir | Dock |
| 5:44 | Crear | Villager (Male) |
| 5:45 | Crear | Villager (Male) |
| 6:17 | Crear | Villager (Male) |
| 6:26 | Construir | House |
| 6:27 | Crear | Fishing Ship |
| 6:54 | Crear | Villager (Male) |
| 6:54 | Crear | Villager (Male) |
| 7:04 | Construir | House |
| 7:11 | Crear | Fishing Ship |
| 7:37 | Crear | Villager (Male) |
| 7:38 | Crear | Villager (Male) |
| 7:38 | Crear | Villager (Male) |
| 8:28 | Crear | Villager (Male) |
| 8:28 | Crear | Villager (Male) |
| 9:11 | Crear | Villager (Male) |
| 9:21 | Construir | Dock |
| 9:23 | Construir | House |
| 9:29 | Crear | Fishing Ship |
| 9:29 | Crear | Fishing Ship |
| 9:29 | Crear | Fishing Ship |
| 9:47 | Crear | Villager (Male) |
| 9:47 | Crear | Villager (Male) |
| 10:01 | Crear | Villager (Male) |
| 10:09 | Construir | Lumber Camp |
| 10:17 | Crear | Villager (Male) |
| 10:21 | Crear | Fishing Ship |
| 10:24 | Crear | Fishing Ship |
| 10:24 | Crear | Fishing Ship |
| 10:25 | Crear | Fishing Ship |
| 10:31 | Construir | House |
| 10:31 | Construir | House |
| 11:28 | Crear | Fishing Ship |
| 11:32 | Crear | Fishing Ship |
| 11:32 | Crear | Fishing Ship |
| 11:32 | Crear | Fishing Ship |
| 11:45 | Crear | Villager (Male) |
| 12:01 | Construir | Barracks |
| 12:38 | Investigar | Feudal Age |
| 13:12 | Construir | Mining Camp |
| 13:16 | Crear | Villager (Male) |
| 13:17 | Crear | Villager (Male) |
| 14:48 | Edad | Edad Feudal |
| 14:58 | Construir | Blacksmith |
| 15:05 | Construir | Mill |
| 15:14 | Crear | Villager (Male) |
| 15:14 | Crear | Villager (Male) |
| 15:19 | Crear | Fishing Ship |
| 15:19 | Crear | Fishing Ship |
| 15:19 | Crear | Fishing Ship |
| 15:19 | Crear | Fishing Ship |
| 15:24 | Crear | Fishing Ship |
| 15:25 | Crear | Fishing Ship |
| 15:25 | Crear | Fishing Ship |
| 15:25 | Crear | Fishing Ship |
| 15:25 | Crear | Fishing Ship |
| 15:54 | Investigar | Double-Bit Axe |
| 16:00 | Construir | Market |
| 16:09 | Construir | Archery Range |
| 16:38 | Crear | Villager (Male) |
| 16:38 | Crear | Villager (Male) |
| 16:47 | Construir | Mining Camp |
| 17:05 | Investigar | Castle Age |
| 17:18 | Construir | Archery Range |
| 17:21 | Construir | Archery Range |
| 17:29 | Construir | House |
| 17:30 | Construir | House |
| 17:32 | Construir | House |
| 17:33 | Construir | House |
| 17:34 | Construir | House |
| 17:35 | Construir | House |
| 17:36 | Construir | House |
| 18:03 | Investigar | Horse Collar |
| 18:07 | Investigar | Gold Mining |
| 18:08 | Investigar | Stone Mining |
| 18:15 | Investigar | Fletching |
| 18:16 | Investigar | Padded Archer Armor |
| 18:17 | Investigar | Scale Mail Armor |
| 18:17 | Investigar | Forging |
| 18:25 | Investigar | Scale Barding Armor |
| 18:37 | Construir | Lumber Camp |
| 18:48 | Construir | Lumber Camp |
| 18:57 | Construir | Archery Range |
| 19:10 | Investigar | Wheelbarrow |
| 19:11 | Crear | Villager (Male) |
| 19:11 | Crear | Villager (Male) |
| 19:11 | Crear | Villager (Male) |
| 19:46 | Edad | Edad de los Castillos |
| 19:51 | Construir | Town Center |
| 20:24 | Construir | Town Center |
| 20:33 | Construir | Town Center |
| 20:40 | Investigar | Bow Saw |
| 20:43 | Investigar | Heavy Plow |
| 20:46 | Investigar | Hand Cart |
| 20:46 | Crear | Villager (Male) |
| 20:55 | Construir | Farm |
| 20:56 | Construir | Farm |
| 20:58 | Construir | Farm |
| 20:58 | Construir | Farm |
| 21:11 | Crear | Villager (Male) |
| 21:11 | Crear | Villager (Male) |
| 21:11 | Crear | Villager (Male) |
| 21:11 | Crear | Villager (Male) |
| 21:37 | Construir | University |
| 21:42 | Crear | Villager (Male) |
| 21:45 | Crear | Villager (Male) |
| 21:45 | Crear | Villager (Male) |
| 21:49 | Crear | Villager (Male) |
| 21:51 | Crear | Villager (Male) |
| 22:10 | Investigar | Stone Shaft Mining |
| 22:17 | Construir | Farm |
| 22:19 | Construir | Farm |
| 22:20 | Construir | Farm |
| 22:21 | Construir | Farm |
| 22:22 | Construir | Farm |
| 22:24 | Construir | Farm |
| 22:28 | Construir | Farm |
| 22:30 | Construir | Farm |
| 22:37 | Crear | Villager (Male) |
| 22:38 | Crear | Villager (Male) |
| 22:40 | Crear | Villager (Male) |
| 22:58 | Investigar | Elite Skirmisher (upgrade) |
| 23:07 | Investigar | Leather Archer Armor |
| 23:07 | Investigar | Bodkin Arrow |
| 24:01 | Crear | Villager (Male) |
| 24:01 | Crear | Villager (Male) |
| 24:02 | Crear | Villager (Male) |
| 24:02 | Crear | Villager (Male) |
| 24:03 | Crear | Villager (Male) |
| 24:03 | Crear | Villager (Male) |
| 24:05 | Crear | Villager (Male) |
| 24:06 | Crear | Villager (Male) |
Build order — Yuri
Primeras 150 de 823 acciones detectadas
| 0:01 | Crear | Villager (Male) |
| 0:02 | Construir | House |
| 0:03 | Construir | House |
| 0:06 | Crear | Villager (Male) |
| 0:06 | Crear | Villager (Male) |
| 0:06 | Crear | Villager (Male) |
| 0:06 | Crear | Villager (Male) |
| 1:58 | Construir | Lumber Camp |
| 1:59 | Crear | Villager (Male) |
| 1:59 | Crear | Villager (Male) |
| 2:21 | Crear | Villager (Male) |
| 2:57 | Crear | Villager (Male) |
| 3:20 | Crear | Villager (Male) |
| 3:42 | Crear | Villager (Male) |
| 3:45 | Construir | House |
| 4:26 | Crear | Villager (Male) |
| 4:48 | Crear | Villager (Male) |
| 5:13 | Crear | Villager (Male) |
| 5:15 | Crear | Villager (Male) |
| 6:02 | Crear | Villager (Male) |
| 6:14 | Construir | House |
| 6:37 | Construir | Mill |
| 6:56 | Crear | Villager (Male) |
| 6:57 | Crear | Villager (Male) |
| 6:57 | Crear | Villager (Male) |
| 7:17 | Crear | Villager (Male) |
| 7:18 | Crear | Villager (Male) |
| 7:50 | Construir | Mining Camp |
| 8:01 | Crear | Villager (Male) |
| 8:25 | Crear | Villager (Male) |
| 8:42 | Construir | House |
| 9:09 | Crear | Villager (Male) |
| 9:33 | Construir | Mining Camp |
| 9:37 | Investigar | Loom |
| 9:37 | Investigar | Feudal Age |
| 10:38 | Crear | Villager (Male) |
| 10:39 | Crear | Villager (Male) |
| 11:32 | Construir | Farm |
| 11:32 | Construir | Farm |
| 12:26 | Edad | Edad Feudal |
| 12:36 | Construir | Market |
| 12:39 | Construir | Blacksmith |
| 13:34 | Investigar | Castle Age |
| 13:43 | Construir | House |
| 14:00 | Investigar | Double-Bit Axe |
| 14:12 | Construir | Farm |
| 14:13 | Construir | Farm |
| 14:13 | Construir | Farm |
| 14:14 | Construir | Farm |
| 14:33 | Crear | Villager (Male) |
| 15:46 | Investigar | Wheelbarrow |
| 16:14 | Edad | Edad de los Castillos |
| 16:24 | Construir | Town Center |
| 16:37 | Construir | Town Center |
| 16:49 | Crear | Villager (Male) |
| 16:49 | Crear | Villager (Male) |
| 17:40 | Construir | Farm |
| 17:40 | Construir | Farm |
| 17:41 | Construir | Farm |
| 17:49 | Construir | Farm |
| 18:06 | Crear | Villager (Male) |
| 18:06 | Crear | Villager (Male) |
| 18:07 | Crear | Villager (Male) |
| 18:15 | Crear | Villager (Male) |
| 18:27 | Construir | Farm |
| 18:36 | Construir | Farm |
| 18:37 | Crear | Villager (Male) |
| 18:45 | Crear | Villager (Male) |
| 18:49 | Crear | Villager (Male) |
| 18:51 | Construir | Lumber Camp |
| 18:58 | Crear | Villager (Male) |
| 18:58 | Crear | Villager (Male) |
| 19:09 | Construir | House |
| 19:11 | Construir | House |
| 19:13 | Construir | House |
| 19:19 | Construir | House |
| 19:20 | Construir | House |
| 19:23 | Crear | Villager (Male) |
| 19:29 | Construir | Farm |
| 19:37 | Crear | Villager (Male) |
| 19:38 | Crear | Villager (Male) |
| 19:49 | Crear | Villager (Male) |
| 20:02 | Crear | Villager (Male) |
| 20:08 | Construir | Farm |
| 20:08 | Construir | Farm |
| 20:31 | Construir | Castle |
| 20:34 | Crear | Villager (Male) |
| 20:34 | Crear | Villager (Male) |
| 20:38 | Crear | Villager (Male) |
| 20:47 | Construir | Farm |
| 20:47 | Construir | Farm |
| 20:49 | Construir | Farm |
| 20:51 | Construir | Farm |
| 20:52 | Construir | Farm |
| 20:56 | Crear | Villager (Male) |
| 20:57 | Crear | Villager (Male) |
| 21:02 | Construir | Farm |
| 21:02 | Construir | Farm |
| 21:04 | Construir | Farm |
| 21:05 | Construir | Farm |
| 21:14 | Construir | Farm |
| 21:14 | Construir | Farm |
| 21:16 | Construir | Farm |
| 21:18 | Construir | Farm |
| 21:19 | Construir | Farm |
| 21:21 | Crear | Villager (Male) |
| 21:21 | Crear | Villager (Male) |
| 21:41 | Crear | Villager (Male) |
| 21:44 | Construir | House |
| 21:49 | Crear | Villager (Male) |
| 21:51 | Crear | Villager (Male) |
| 22:28 | Construir | House |
| 22:29 | Construir | House |
| 22:30 | Construir | House |
| 22:32 | Construir | House |
| 22:33 | Construir | House |
| 22:35 | Construir | House |
| 22:51 | Crear | Villager (Male) |
| 22:52 | Crear | Villager (Male) |
| 22:56 | Crear | Janissary |
| 22:57 | Crear | Janissary |
| 23:11 | Investigar | Bow Saw |
| 23:41 | Construir | Farm |
| 23:55 | Construir | Monastery |
| 24:09 | Crear | Villager (Male) |
| 24:09 | Crear | Villager (Male) |
| 24:10 | Crear | Villager (Male) |
| 24:32 | Investigar | Imperial Age |
| 24:45 | Crear | Villager (Male) |
| 24:46 | Crear | Villager (Male) |
| 24:46 | Crear | Villager (Male) |
| 24:52 | Crear | Monk |
| 24:54 | Crear | Monk |
| 25:02 | Construir | Barracks |
| 25:04 | Construir | House |
| 25:05 | Construir | House |
| 25:06 | Construir | House |
| 25:12 | Construir | Stone Wall |
| 25:18 | Crear | Villager (Male) |
| 25:18 | Crear | Villager (Male) |
| 25:19 | Crear | Villager (Male) |
| 25:32 | Crear | Villager (Male) |
| 25:33 | Crear | Villager (Male) |
| 25:47 | Construir | Town Center |
| 25:53 | Crear | Villager (Male) |
| 25:54 | Crear | Villager (Male) |
| 25:57 | Investigar | Stone Mining |
| 26:14 | Crear | Villager (Male) |
| 26:15 | Crear | Villager (Male) |
| 26:16 | Crear | Villager (Male) |
Build order — moneye
Primeras 150 de 624 acciones detectadas
| 0:01 | Crear | Villager (Male) |
| 0:01 | Crear | Villager (Male) |
| 0:01 | Crear | Villager (Male) |
| 0:04 | Construir | House |
| 0:05 | Construir | House |
| 1:21 | Crear | Villager (Male) |
| 1:21 | Crear | Villager (Male) |
| 1:52 | Construir | Lumber Camp |
| 1:55 | Crear | Villager (Male) |
| 1:58 | Crear | Villager (Male) |
| 1:59 | Crear | Villager (Male) |
| 2:25 | Crear | Villager (Male) |
| 2:25 | Crear | Villager (Male) |
| 2:53 | Crear | Villager (Male) |
| 2:53 | Crear | Villager (Male) |
| 3:15 | Crear | Villager (Male) |
| 3:15 | Crear | Villager (Male) |
| 3:43 | Construir | House |
| 4:08 | Crear | Villager (Male) |
| 4:08 | Crear | Villager (Male) |
| 4:08 | Crear | Villager (Male) |
| 4:16 | Construir | Mill |
| 5:04 | Crear | Villager (Male) |
| 5:04 | Crear | Villager (Male) |
| 5:04 | Crear | Villager (Male) |
| 5:35 | Construir | House |
| 5:42 | Crear | Villager (Male) |
| 5:42 | Crear | Villager (Male) |
| 5:43 | Crear | Villager (Male) |
| 5:43 | Crear | Villager (Male) |
| 6:36 | Crear | Villager (Male) |
| 6:36 | Crear | Villager (Male) |
| 7:45 | Crear | Villager (Male) |
| 7:46 | Crear | Villager (Male) |
| 8:13 | Construir | House |
| 8:27 | Crear | Villager (Male) |
| 8:28 | Crear | Villager (Male) |
| 8:54 | Construir | Mining Camp |
| 9:20 | Investigar | Loom |
| 9:20 | Investigar | Feudal Age |
| 11:05 | Construir | Barracks |
| 11:19 | Construir | House |
| 11:34 | Construir | Farm |
| 11:38 | Construir | Farm |
| 12:05 | Crear | Villager (Male) |
| 12:05 | Crear | Villager (Male) |
| 12:06 | Crear | Villager (Male) |
| 12:09 | Edad | Edad Feudal |
| 12:22 | Construir | Blacksmith |
| 12:26 | Construir | Market |
| 12:47 | Construir | Farm |
| 12:56 | Construir | Dock |
| 13:24 | Construir | Mining Camp |
| 13:34 | Construir | Farm |
| 13:57 | Investigar | Castle Age |
| 14:09 | Crear | Fishing Ship |
| 14:10 | Crear | Fishing Ship |
| 14:21 | Construir | House |
| 14:27 | Crear | Fishing Ship |
| 14:27 | Crear | Fishing Ship |
| 14:40 | Investigar | Stone Mining |
| 14:45 | Crear | Villager (Male) |
| 14:45 | Crear | Villager (Male) |
| 14:52 | Crear | Fishing Ship |
| 15:30 | Crear | Fishing Ship |
| 15:40 | Construir | Archery Range |
| 15:48 | Investigar | Double-Bit Axe |
| 15:49 | Crear | Villager (Male) |
| 16:25 | Crear | Fire Galley |
| 16:25 | Crear | Fire Galley |
| 16:26 | Crear | Fire Galley |
| 16:37 | Edad | Edad de los Castillos |
| 17:03 | Investigar | Horse Collar |
| 17:05 | Investigar | Bow Saw |
| 17:08 | Crear | Villager (Male) |
| 17:35 | Crear | Villager (Male) |
| 17:57 | Crear | Fire Galley |
| 18:26 | Construir | Castle |
| 18:29 | Crear | Villager (Male) |
| 18:29 | Crear | Villager (Male) |
| 18:53 | Crear | Fishing Ship |
| 19:06 | Construir | Farm |
| 19:24 | Construir | House |
| 19:25 | Construir | House |
| 19:26 | Construir | House |
| 19:36 | Construir | Monastery |
| 19:43 | Crear | Villager (Male) |
| 19:43 | Crear | Villager (Male) |
| 19:44 | Crear | Villager (Male) |
| 19:44 | Crear | Villager (Male) |
| 20:02 | Crear | Villager (Male) |
| 20:02 | Crear | Villager (Male) |
| 20:18 | Construir | Farm |
| 20:33 | Construir | Town Center |
| 20:36 | Crear | Monk |
| 20:43 | Construir | House |
| 20:44 | Construir | House |
| 20:50 | Crear | Fishing Ship |
| 20:50 | Crear | Fishing Ship |
| 20:57 | Construir | House |
| 21:00 | Construir | House |
| 21:51 | Crear | Monk |
| 21:59 | Crear | Villager (Male) |
| 21:59 | Crear | Villager (Male) |
| 22:00 | Crear | Villager (Male) |
| 22:00 | Crear | Villager (Male) |
| 22:00 | Crear | Villager (Male) |
| 22:02 | Construir | Farm |
| 22:02 | Construir | Farm |
| 22:02 | Construir | Farm |
| 22:02 | Construir | Farm |
| 22:03 | Construir | Farm |
| 22:03 | Construir | Farm |
| 22:22 | Crear | Fishing Ship |
| 22:34 | Construir | Farm |
| 22:38 | Crear | Villager (Male) |
| 22:39 | Crear | Villager (Male) |
| 23:00 | Construir | Archery Range |
| 23:01 | Construir | Archery Range |
| 23:11 | Crear | Villager (Male) |
| 23:11 | Crear | Villager (Male) |
| 23:13 | Crear | Villager (Male) |
| 23:13 | Crear | Villager (Male) |
| 23:36 | Crear | Fishing Ship |
| 23:38 | Crear | Fishing Ship |
| 23:52 | Construir | Stone Wall |
| 24:14 | Construir | Stone Wall |
| 24:19 | Construir | Stone Wall |
| 24:41 | Investigar | Pikeman (upgrade) |
| 24:42 | Crear | Spearman |
| 24:54 | Crear | Monk |
| 25:00 | Investigar | Thumb Ring |
| 25:01 | Investigar | Crossbowman (upgrade) |
| 25:12 | Crear | Villager (Male) |
| 25:13 | Crear | Villager (Male) |
| 25:13 | Crear | Villager (Male) |
| 25:14 | Crear | Villager (Male) |
| 25:22 | Crear | Spearman |
| 25:22 | Crear | Spearman |
| 25:27 | Crear | Villager (Male) |
| 25:28 | Crear | Villager (Male) |
| 25:30 | Crear | Fishing Ship |
| 25:31 | Crear | Fishing Ship |
| 25:39 | Crear | Organ Gun |
| 25:40 | Crear | Organ Gun |
| 26:02 | Construir | Siege Workshop |
| 26:07 | Crear | Villager (Male) |
| 26:20 | Construir | Town Center |
| 26:23 | Crear | Villager (Male) |
| 26:23 | Crear | Villager (Male) |
Build order — dsoccer95
Primeras 150 de 668 acciones detectadas
| 0:05 | Crear | Villager (Male) |
| 0:05 | Crear | Villager (Male) |
| 0:05 | Crear | Villager (Male) |
| 0:07 | Construir | House |
| 0:09 | Construir | House |
| 0:15 | Crear | Villager (Male) |
| 0:15 | Crear | Villager (Male) |
| 0:22 | Construir | House |
| 1:40 | Crear | Villager (Male) |
| 1:47 | Investigar | Loom |
| 2:28 | Crear | Villager (Male) |
| 2:28 | Crear | Villager (Male) |
| 2:54 | Crear | Villager (Male) |
| 2:54 | Crear | Villager (Male) |
| 3:36 | Crear | Villager (Male) |
| 3:36 | Crear | Villager (Male) |
| 3:50 | Crear | Villager (Male) |
| 3:51 | Crear | Villager (Male) |
| 3:51 | Crear | Villager (Male) |
| 4:18 | Crear | Villager (Male) |
| 4:18 | Crear | Villager (Male) |
| 4:18 | Crear | Villager (Male) |
| 5:05 | Construir | House |
| 5:07 | Construir | House |
| 5:08 | Construir | House |
| 5:22 | Crear | Villager (Male) |
| 5:22 | Crear | Villager (Male) |
| 5:22 | Crear | Villager (Male) |
| 5:22 | Crear | Villager (Male) |
| 6:10 | Crear | Villager (Male) |
| 6:10 | Crear | Villager (Male) |
| 6:41 | Crear | Villager (Male) |
| 6:41 | Crear | Villager (Male) |
| 6:42 | Crear | Villager (Male) |
| 6:42 | Crear | Villager (Male) |
| 6:50 | Construir | Dock |
| 7:59 | Construir | Lumber Camp |
| 8:02 | Crear | Villager (Male) |
| 8:02 | Crear | Villager (Male) |
| 8:02 | Crear | Villager (Male) |
| 8:09 | Crear | Fishing Ship |
| 8:33 | Crear | Villager (Male) |
| 8:33 | Crear | Villager (Male) |
| 8:34 | Crear | Villager (Male) |
| 8:50 | Construir | Dock |
| 9:27 | Crear | Fishing Ship |
| 9:28 | Crear | Fishing Ship |
| 10:01 | Crear | Villager (Male) |
| 10:09 | Crear | Fishing Ship |
| 10:11 | Crear | Fishing Ship |
| 10:31 | Crear | Villager (Male) |
| 10:31 | Crear | Villager (Male) |
| 10:31 | Crear | Villager (Male) |
| 10:31 | Crear | Villager (Male) |
| 10:54 | Crear | Fishing Ship |
| 10:54 | Crear | Fishing Ship |
| 10:56 | Crear | Fishing Ship |
| 10:56 | Crear | Fishing Ship |
| 11:32 | Construir | Dock |
| 11:44 | Crear | Villager (Male) |
| 11:44 | Crear | Villager (Male) |
| 11:45 | Crear | Villager (Male) |
| 11:45 | Crear | Villager (Male) |
| 11:45 | Crear | Villager (Male) |
| 12:07 | Crear | Fishing Ship |
| 12:10 | Crear | Fishing Ship |
| 12:13 | Crear | Fishing Ship |
| 12:42 | Crear | Fishing Ship |
| 12:44 | Crear | Fishing Ship |
| 12:53 | Crear | Fishing Ship |
| 13:04 | Investigar | Feudal Age |
| 13:16 | Crear | Fishing Ship |
| 13:36 | Construir | Dock |
| 13:45 | Crear | Fishing Ship |
| 13:55 | Construir | House |
| 13:57 | Construir | House |
| 13:58 | Construir | House |
| 14:00 | Construir | House |
| 14:11 | Crear | Fishing Ship |
| 14:15 | Crear | Fishing Ship |
| 14:28 | Crear | Fishing Ship |
| 14:44 | Construir | Mining Camp |
| 14:48 | Crear | Fishing Ship |
| 14:55 | Crear | Fishing Ship |
| 15:03 | Crear | Fishing Ship |
| 15:12 | Crear | Fishing Ship |
| 15:15 | Crear | Villager (Male) |
| 15:16 | Crear | Villager (Male) |
| 15:16 | Crear | Villager (Male) |
| 15:17 | Crear | Villager (Male) |
| 15:24 | Crear | Fishing Ship |
| 15:33 | Crear | Fishing Ship |
| 15:36 | Edad | Edad Feudal |
| 15:49 | Crear | Fishing Ship |
| 15:56 | Crear | Fishing Ship |
| 16:05 | Investigar | Tech 906 |
| 16:11 | Crear | Villager (Male) |
| 16:17 | Investigar | Wheelbarrow |
| 16:23 | Construir | House |
| 16:26 | Construir | House |
| 16:27 | Construir | House |
| 16:30 | Construir | House |
| 16:32 | Construir | House |
| 16:32 | Construir | House |
| 16:35 | Investigar | Double-Bit Axe |
| 16:48 | Crear | Fishing Ship |
| 16:49 | Crear | Fishing Ship |
| 16:58 | Crear | Fishing Ship |
| 17:02 | Crear | Fishing Ship |
| 17:15 | Crear | Demolition Raft |
| 17:25 | Crear | Fishing Ship |
| 17:28 | Crear | Fishing Ship |
| 17:34 | Crear | Fishing Ship |
| 17:34 | Crear | Fishing Ship |
| 17:39 | Crear | Fishing Ship |
| 17:39 | Crear | Fishing Ship |
| 17:42 | Crear | Villager (Male) |
| 17:43 | Crear | Villager (Male) |
| 17:43 | Crear | Villager (Male) |
| 17:55 | Construir | Mining Camp |
| 18:03 | Crear | Villager (Male) |
| 18:03 | Crear | Villager (Male) |
| 18:04 | Crear | Villager (Male) |
| 18:04 | Crear | Villager (Male) |
| 18:09 | Crear | Fishing Ship |
| 18:09 | Crear | Fishing Ship |
| 18:11 | Crear | Fishing Ship |
| 18:19 | Crear | Fishing Ship |
| 18:19 | Crear | Fishing Ship |
| 18:36 | Crear | Fishing Ship |
| 18:36 | Crear | Fishing Ship |
| 18:43 | Crear | Fishing Ship |
| 18:44 | Crear | Fishing Ship |
| 19:02 | Construir | House |
| 19:03 | Construir | House |
| 19:04 | Construir | House |
| 19:06 | Construir | House |
| 19:08 | Construir | House |
| 19:21 | Crear | Fishing Ship |
| 19:21 | Crear | Fishing Ship |
| 19:25 | Crear | Fishing Ship |
| 19:25 | Crear | Fishing Ship |
| 19:34 | Crear | Fishing Ship |
| 19:40 | Crear | Fishing Ship |
| 20:17 | Construir | Blacksmith |
| 20:26 | Construir | Mill |
| 20:29 | Crear | Villager (Male) |
| 20:29 | Crear | Villager (Male) |
| 20:29 | Crear | Villager (Male) |
| 20:30 | Crear | Villager (Male) |
Build order — Kabali Khan
Primeras 150 de 588 acciones detectadas
| 0:05 | Construir | House |
| 0:08 | Construir | House |
| 0:12 | Construir | House |
| 1:33 | Crear | Villager (Male) |
| 1:33 | Crear | Villager (Male) |
| 2:15 | Crear | Villager (Male) |
| 2:15 | Crear | Villager (Male) |
| 2:40 | Crear | Villager (Male) |
| 2:41 | Crear | Villager (Male) |
| 3:07 | Crear | Villager (Male) |
| 3:07 | Crear | Villager (Male) |
| 4:05 | Crear | Villager (Male) |
| 4:05 | Crear | Villager (Male) |
| 4:06 | Crear | Villager (Male) |
| 4:06 | Crear | Villager (Male) |
| 4:15 | Construir | Lumber Camp |
| 5:05 | Crear | Villager (Male) |
| 5:14 | Crear | Villager (Male) |
| 5:56 | Crear | Villager (Male) |
| 5:59 | Crear | Villager (Male) |
| 7:01 | Crear | Villager (Male) |
| 7:20 | Construir | Mill |
| 7:29 | Crear | Villager (Male) |
| 7:37 | Construir | Mill |
| 7:47 | Crear | Villager (Male) |
| 8:12 | Crear | Villager (Male) |
| 8:33 | Investigar | Feudal Age |
| 8:39 | Construir | Lumber Camp |
| 10:03 | Construir | Mining Camp |
| 10:47 | Crear | Villager (Male) |
| 10:54 | Edad | Edad Feudal |
| 11:06 | Crear | Villager (Male) |
| 11:18 | Crear | Villager (Male) |
| 11:23 | Investigar | Horse Collar |
| 11:26 | Investigar | Double-Bit Axe |
| 11:32 | Construir | Farm |
| 11:35 | Construir | Farm |
| 11:40 | Construir | Farm |
| 11:49 | Construir | Farm |
| 11:59 | Crear | Villager (Male) |
| 12:16 | Crear | Villager (Male) |
| 12:29 | Construir | House |
| 12:58 | Crear | Villager (Male) |
| 13:05 | Construir | House |
| 13:22 | Crear | Villager (Male) |
| 13:37 | Construir | Barracks |
| 13:42 | Crear | Villager (Male) |
| 13:56 | Crear | Villager (Male) |
| 14:19 | Construir | Farm |
| 14:25 | Construir | Farm |
| 14:30 | Construir | Farm |
| 14:39 | Construir | Blacksmith |
| 14:45 | Construir | Palisade Wall |
| 14:49 | Construir | Farm |
| 14:50 | Crear | Villager (Male) |
| 14:52 | Crear | Villager (Male) |
| 15:02 | Construir | Farm |
| 15:08 | Construir | Farm |
| 15:16 | Construir | Farm |
| 15:23 | Construir | Farm |
| 15:25 | Crear | Villager (Male) |
| 15:47 | Construir | Stable |
| 15:53 | Construir | Farm |
| 16:13 | Construir | Palisade Wall |
| 16:23 | Construir | Farm |
| 16:27 | Crear | Villager (Male) |
| 16:42 | Investigar | Castle Age |
| 16:42 | Investigar | Castle Age |
| 16:55 | Crear | Villager (Male) |
| 16:59 | Construir | Farm |
| 17:27 | Construir | Market |
| 17:41 | Construir | Mining Camp |
| 17:43 | Crear | Villager (Male) |
| 17:50 | Investigar | Bloodlines |
| 18:07 | Investigar | Scale Barding Armor |
| 18:42 | Investigar | Forging |
| 18:46 | Crear | Villager (Male) |
| 18:54 | Crear | Scout Cavalry |
| 19:15 | Construir | House |
| 19:17 | Construir | House |
| 19:24 | Crear | Villager (Male) |
| 19:32 | Edad | Edad de los Castillos |
| 19:56 | Construir | House |
| 20:08 | Construir | Town Center |
| 20:20 | Construir | Town Center |
| 20:23 | Crear | Villager (Male) |
| 20:35 | Construir | House |
| 20:37 | Construir | House |
| 20:42 | Construir | House |
| 20:47 | Investigar | Heavy Plow |
| 20:50 | Investigar | Bow Saw |
| 20:55 | Construir | Farm |
| 20:58 | Investigar | Wheelbarrow |
| 21:02 | Investigar | Stone Mining |
| 21:04 | Investigar | Gold Mining |
| 21:07 | Crear | Villager (Male) |
| 21:10 | Crear | Villager (Male) |
| 21:19 | Construir | Farm |
| 21:31 | Construir | House |
| 21:32 | Construir | House |
| 21:37 | Construir | House |
| 21:38 | Construir | House |
| 21:41 | Construir | House |
| 21:44 | Construir | Farm |
| 21:46 | Crear | Villager (Male) |
| 21:46 | Crear | Villager (Male) |
| 21:46 | Crear | Villager (Male) |
| 21:47 | Crear | Villager (Male) |
| 21:47 | Crear | Villager (Male) |
| 21:47 | Crear | Villager (Male) |
| 22:06 | Construir | Barracks |
| 22:08 | Crear | Villager (Male) |
| 22:09 | Crear | Villager (Male) |
| 23:03 | Construir | Town Center |
| 23:07 | Crear | Villager (Male) |
| 23:08 | Crear | Villager (Male) |
| 23:08 | Crear | Villager (Male) |
| 23:23 | Construir | Monastery |
| 23:26 | Crear | Villager (Male) |
| 23:26 | Crear | Villager (Male) |
| 23:26 | Crear | Villager (Male) |
| 23:54 | Construir | Town Center |
| 23:57 | Crear | Villager (Male) |
| 24:04 | Crear | Villager (Male) |
| 24:04 | Crear | Villager (Male) |
| 24:04 | Crear | Villager (Male) |
| 24:14 | Crear | Villager (Male) |
| 24:14 | Crear | Villager (Male) |
| 24:32 | Crear | Villager (Male) |
| 24:32 | Crear | Villager (Male) |
| 24:32 | Crear | Villager (Male) |
| 24:38 | Crear | Monk |
| 24:38 | Crear | Monk |
| 24:47 | Investigar | Husbandry |
| 24:59 | Crear | Villager (Male) |
| 24:59 | Crear | Villager (Male) |
| 25:00 | Crear | Villager (Male) |
| 25:00 | Crear | Villager (Male) |
| 25:00 | Crear | Villager (Male) |
| 25:12 | Crear | Villager (Male) |
| 25:12 | Crear | Villager (Male) |
| 25:12 | Crear | Villager (Male) |
| 25:18 | Construir | Mining Camp |
| 25:22 | Crear | Villager (Male) |
| 25:23 | Crear | Villager (Male) |
| 25:36 | Construir | Farm |
| 25:37 | Construir | Farm |
| 25:40 | Construir | Farm |
| 25:43 | Construir | Farm |
| 25:44 | Construir | Farm |
Cronología de la partida
| 5:21 | HAWK JAMOKA5956 · first_building Dock |
| 5:36 | MAJOR · first_building Dock |
| 6:50 | dsoccer95 · first_building Dock |
| 9:46 | FaTiH052 · first_building Dock |
| 10:46 | CriticalError59 · first_building Dock |
| 10:48 | FaTiH052 · age_up feudal |
| 10:54 | Kabali Khan · age_up feudal |
| 11:05 | moneye · first_building Barracks |
| 11:12 | MAJOR · wall_segment Palisade Wall x10 |
| 11:25 | CriticalError59 · age_up feudal |
| 11:56 | MAJOR · first_building Barracks |
| 12:01 | HAWK JAMOKA5956 · first_building Barracks |
| 12:07 | MAJOR · wall_segment Palisade Wall x11 |
| 12:09 | moneye · age_up feudal |
| 12:26 | Yuri · age_up feudal |
| 12:37 | FaTiH052 · first_building Barracks |
| 12:41 | MAJOR · age_up feudal |
| 12:56 | moneye · first_building Dock |
| 13:37 | Kabali Khan · first_building Barracks |
| 13:44 | MAJOR · wall_segment Palisade Wall x13 |
| 13:47 | FaTiH052 · first_building Stable |
| 13:48 | moneye · first_market_buy 100 food |
| 13:56 | moneye · first_market_sell 100 stone |
| 14:45 | Kabali Khan · wall_segment Palisade Wall x1 |
| 14:48 | HAWK JAMOKA5956 · age_up feudal |
| 14:54 | MAJOR · wall_segment Palisade Wall x5 |
| 15:16 | MAJOR · first_market_sell 100 stone |
| 15:33 | FaTiH052 · wall_segment Palisade Wall x6 |
| 15:36 | dsoccer95 · age_up feudal |
| 15:40 | moneye · first_building Archery Range |
| 15:47 | Kabali Khan · first_building Stable |
| 16:04 | MAJOR · wall_segment Palisade Wall x11 |
| 16:08 | FaTiH052 · wall_segment Palisade Wall x24 |
| 16:09 | HAWK JAMOKA5956 · first_building Archery Range |
| 16:13 | Kabali Khan · wall_segment Palisade Wall x15 |
| 16:14 | Yuri · age_up castle |
| 16:37 | moneye · age_up castle |
| 18:17 | MAJOR · age_up castle |
| 18:26 | moneye · first_building Castle |
| 18:42 | MAJOR · first_market_buy 100 stone |
| 19:32 | Kabali Khan · age_up castle |
| 19:36 | moneye · first_building Monastery |
| 19:46 | HAWK JAMOKA5956 · age_up castle |
| 20:31 | Yuri · first_building Castle |
| 21:05 | FaTiH052 · age_up castle |
| 21:56 | MAJOR · first_building Stable |
| 22:59 | CriticalError59 · age_up castle |
| 23:12 | dsoccer95 · first_building Barracks |
| 23:23 | Kabali Khan · first_building Monastery |
| 23:29 | FaTiH052 · first_building Monastery |
| 23:35 | CriticalError59 · first_building Monastery |
| 23:52 | moneye · wall_segment Stone Wall x11 |
| 23:55 | Yuri · first_building Monastery |
| 24:14 | moneye · wall_segment Stone Wall x1 |
| 24:19 | moneye · wall_segment Stone Wall x14 |
| 24:29 | Yuri · first_market_buy 100 food |
| 24:41 | dsoccer95 · first_building Archery Range |
| 25:02 | Yuri · first_building Barracks |
| 25:12 | Yuri · wall_segment Stone Wall x6 |
| 25:14 | FaTiH052 · first_building Archery Range |
| 25:31 | dsoccer95 · age_up castle |
| 25:32 | MAJOR · first_building Monastery |
| 25:44 | dsoccer95 · first_building Siege Workshop |
| 26:02 | moneye · first_building Siege Workshop |
| 26:41 | HAWK JAMOKA5956 · first_building Castle |
| 27:44 | Yuri · age_up imperial |
| 27:49 | moneye · wall_segment Stone Wall x1 |
| 27:55 | MAJOR · first_building Archery Range |
| 28:10 | FaTiH052 · first_building Castle |
| 28:51 | HAWK JAMOKA5956 · first_building Monastery |
| 29:29 | HAWK JAMOKA5956 · first_building Stable |
| 29:42 | Kabali Khan · first_building Archery Range |
| 30:15 | dsoccer95 · age_up imperial |
| 30:57 | dsoccer95 · first_building Castle |
| 31:22 | FaTiH052 · wall_segment Stone Wall x1 |
| 31:30 | MAJOR · first_building Castle |
| 31:36 | FaTiH052 · wall_segment Stone Wall x11 |
| 31:41 | FaTiH052 · wall_segment Stone Wall x14 |
| 31:45 | HAWK JAMOKA5956 · age_up imperial |
| 31:46 | FaTiH052 · wall_segment Stone Wall x11 |
| 31:51 | dsoccer95 · first_building Stable |
| 32:46 | FaTiH052 · wall_segment Stone Wall x16 |
| 32:56 | Yuri · wall_segment Stone Wall x15 |
| 32:57 | FaTiH052 · wall_segment Stone Wall x21 |
| 33:06 | MAJOR · wall_segment Palisade Wall x10 |
| 33:13 | Kabali Khan · age_up imperial |
| 33:14 | MAJOR · wall_segment Palisade Wall x11 |
| 33:40 | FaTiH052 · wall_segment Stone Wall x23 |
| 33:46 | moneye · age_up imperial |
| 33:47 | Kabali Khan · first_building Castle |
| 33:48 | CriticalError59 · age_up imperial |
| 34:31 | dsoccer95 · first_market_sell 100 food |
| 35:46 | FaTiH052 · wall_segment Stone Wall x11 |
| 38:17 | CriticalError59 · first_building Castle |
| 38:19 | Yuri · tribute_sent a jugador 1 |
| 38:19 | Yuri · tribute_sent a jugador 2 |
| 38:19 | Yuri · tribute_sent a jugador 3 |
| 38:19 | Yuri · tribute_sent a jugador 4 |
| 38:19 | Yuri · tribute_sent a jugador 6 |
| 38:19 | Yuri · tribute_sent a jugador 7 |
| 38:19 | Yuri · tribute_sent a jugador 8 |
| 39:08 | MAJOR · wall_segment Stone Wall x9 |
| 40:37 | Kabali Khan · first_building Siege Workshop |
| 40:43 | MAJOR · age_up imperial |
| 40:49 | MAJOR · first_building Siege Workshop |
| 41:01 | Yuri · first_building Stable |
| 43:28 | Yuri · first_building Siege Workshop |
| 44:10 | FaTiH052 · age_up imperial |
| 44:23 | Yuri · first_building Archery Range |
| 46:37 | moneye · first_building Stable |
| 52:21 | CriticalError59 · first_building Barracks |
| 52:27 | CriticalError59 · first_building Siege Workshop |
| 53:31 | FaTiH052 · first_market_buy 100 food |
| 53:58 | MAJOR · wall_segment Stone Wall x8 |
| 54:15 | MAJOR · wall_segment Palisade Wall x10 |
| 55:20 | MAJOR · wall_segment Stone Wall x1 |
| 57:08 | MAJOR · wall_segment Stone Wall x6 |
| 57:40 | dsoccer95 · first_building Monastery |
| 59:09 | Yuri · tribute_sent a jugador 1 |
| 59:09 | Yuri · tribute_sent a jugador 2 |
| 59:09 | Yuri · tribute_sent a jugador 3 |
| 59:09 | Yuri · tribute_sent a jugador 4 |
| 59:09 | Yuri · tribute_sent a jugador 6 |
| 59:09 | Yuri · tribute_sent a jugador 7 |
| 59:09 | Yuri · tribute_sent a jugador 8 |
| 66:06 | MAJOR · wall_segment Stone Wall x1 |
| 69:21 | HAWK JAMOKA5956 · first_market_sell 500 wood |
| 70:01 | HAWK JAMOKA5956 · tribute_sent a jugador 1 |
| 70:01 | HAWK JAMOKA5956 · tribute_sent a jugador 2 |
| 70:01 | HAWK JAMOKA5956 · tribute_sent a jugador 3 |
| 70:01 | HAWK JAMOKA5956 · tribute_sent a jugador 5 |
| 70:01 | HAWK JAMOKA5956 · tribute_sent a jugador 6 |
| 70:01 | HAWK JAMOKA5956 · tribute_sent a jugador 7 |
| 70:01 | HAWK JAMOKA5956 · tribute_sent a jugador 8 |
| 70:23 | FaTiH052 · tribute_sent a jugador 1 |
| 70:23 | FaTiH052 · tribute_sent a jugador 2 |
| 70:23 | FaTiH052 · tribute_sent a jugador 4 |
| 70:23 | FaTiH052 · tribute_sent a jugador 5 |
| 70:23 | FaTiH052 · tribute_sent a jugador 6 |
| 70:23 | FaTiH052 · tribute_sent a jugador 7 |
| 70:23 | FaTiH052 · tribute_sent a jugador 8 |
| 70:33 | FaTiH052 · resign |
| 71:11 | HAWK JAMOKA5956 · tribute_sent a jugador 1 |
| 71:11 | HAWK JAMOKA5956 · tribute_sent a jugador 2 |
| 71:11 | HAWK JAMOKA5956 · tribute_sent a jugador 3 |
| 71:11 | HAWK JAMOKA5956 · tribute_sent a jugador 5 |
| 71:11 | HAWK JAMOKA5956 · tribute_sent a jugador 6 |
| 71:11 | HAWK JAMOKA5956 · tribute_sent a jugador 7 |
| 71:11 | HAWK JAMOKA5956 · tribute_sent a jugador 8 |
| 75:48 | Kabali Khan · first_market_sell 500 food |
[ ANÁLISIS IA · 1 CRÉDITO ]
¿Qué pasó realmente en esta partida?
Wolo.gg analiza cada decisión: build order, eco, micro, errores típicos por bracket. Análisis personalizado por WhatsApp o Discord en 30 segundos.
Guía civ
Mapuche
Guía mapa
Four Lakes
Perfil
Jugador #576080